Zazza, neutral female human Tourist --------- ------- |.......| ----------- |.....| |.......-# |%........|`##################......| |.......|# ------ #.<........|# |.....| |.......|# |.....` ###|.........|# |.....| |.......|# |[...|#######..........|# |.....| ---.-----# |..[.-##### ---------|-# |.....| # ### |....| # ---|--- ### # |....-### # ## # ##-.{..| ### # ###### ------ # # -.-------- ### ## --------|-- |..{......############# --------.------- |o@Za.....| |........| |...............####aoB%...#..| |........| |...........>..| |r.oo^....| |......... |..............| ----------- ---------- |..............| ---------------- Zazza the Excursionist Experience level: 7 Strength: 18/01 Dexterity: 10 Constitution: 17 Intelligence: 14 Wisdom: 7 Charisma: 17 Health: 0(55) Energy: 22(22) Def: 11 Gold: 187 Moves: 5862 Dungeon seed: LyqEan7CmTTn92AT Game ID: Zazza_1598082652 Your Inventory: Coins $ - 187 gold pieces Weapons a - 35 +2 darts I - 6 +0 daggers J - a +0 elven dagger Armor e - an uncursed +0 Hawaiian shirt (being worn) n - an uncursed +0 pair of leather gloves (being worn) t - a blessed +0 elven mithril-coat (being worn) v - an uncursed +0 dwarvish cloak (being worn) N - an uncursed +0 pair of speed boots (being worn) Y - a blessed +3 orcish helm (being worn) Comestibles b - 5 uncursed food rations g - an uncursed egg o - an uncursed candy bar u - an uncursed eucalyptus leaf G - an uncursed sprig of wolfsbane Scrolls V - an uncursed scroll of create monster Spellbooks d - an uncursed spellbook of create monster y - an uncursed spellbook of sleep R - an uncursed spellbook of light Potions h - an uncursed potion of extra healing z - an uncursed potion of speed C - an uncursed potion of healing T - a cursed potion of healing Rings w - an uncursed ring of levitation Wands f - a wand of magic missile (0:3) S - a blessed wand of create monster (0:9) Tools k - an expensive camera (0:48) m - an uncursed towel D - 5 uncursed wax candles (0:400) O - a +0 pick-axe P - an uncursed tin whistle Q - an uncursed magic whistle U - a +0 unicorn horn Z - an uncursed skeleton key Iron balls r - an uncursed heavy iron ball (chained to you) (weapon in hand) Spells and supernatural/magical abilities: Name Level Category Fail Memory z - sleep 1 enchantment 100% 91% W - pray for help -- divine ? -- Your skills at the end: Fighting Skills Weapon Skills dart [Basic] Spellcasting Skills Final Attributes: You were piously aligned. You were telepathic. You were very fast. You were lucky. You are dead. Vanquished creatures: a leprechaun 2 blue jellies a white unicorn an imp a pony 2 yellow lights 3 gnome lords a kobold mummy a golden naga hatchling 2 elf zombies 2 giant ants 2 floating eyes 6 dwarves a homunculus 5 hill orcs 4 rothes a giant bat 2 dwarf zombies a wererat a werejackal 2 iguanas 9 killer bees an acid blob a coyote 7 hobbits a large kobold 2 hobgoblins 2 giant rats a brown mold 3 yellow molds 3 green molds 11 gnomes 4 garter snakes 4 gnome zombies 6 geckos 13 jackals a fox 2 kobolds 8 goblins 4 sewer rats 14 grid bugs 7 lichens a kobold zombie 9 newts 156 creatures vanquished. Voluntary challenges: You used a wielded weapon 3 times, starting on turn 325. You read items or engraved 9 times, starting on turn 143. You never genocided any monsters. You never polymorphed an object. You never changed form. You used no wishes. You never split a pudding. You wrote Elbereth's name 2 times, starting on turn 5769. You violated your moral code, losing 1 point of alignment, starting on turn 3234. Dungeon overview: The Dungeons of Doom: levels 1 to 7 Level 1 an altar to Offler, a sink a long staircase Level 2 a fountain Level 3 a fountain stairs to The Gnomish Mines Level 4 a general store, a fountain Level 5 a fountain, a sink Level 6 <- You were here an altar to The Lady, some fountains, a sink Level 7 a fountain The Gnomish Mines: Level 4 stairs to The Dungeons of Doom History has recorded: On T:1 you entered the Dungeons of Doom to retrieve the Amulet of Yendor! On T:520 you reached level 2 of The Dungeons of Doom. On T:1180 you advanced to experience level 2. On T:1274 you reached level 3 of The Dungeons of Doom. On T:1809 you advanced to experience level 3. On T:2054 you reached level 1 of The Gnomish Mines. On T:2255 you advanced to experience level 4. On T:2888 you advanced to experience level 5. On T:3506 you reached level 4 of The Dungeons of Doom. On T:4315 you reached level 5 of The Dungeons of Doom. On T:4922 you advanced to experience level 6. On T:5258 you reached level 6 of The Dungeons of Doom. On T:5521 you advanced to experience level 7. On T:5748 you reached level 7 of The Dungeons of Doom. Score breakdown: Gold: 47 ( 5719 points) Experience: 7 levels (13645 points) Exploration: 7 levels ( 14.58%) (10718 points) Discoveries: 17 items ( 5.70%) ( 7165 points) Valuables value: (no points given unless you survive) Artifact value: 0 ( 0 points) Variety of kills: 44 monsters ( 11.55%) (10194 points) Turncount: 5862 turns (-1589 points) Survival: died (score multiplied by 80%) Total score: 36681 Latest messages: The hill orc zaps a wand of magic missile! The magic missile hits the hill orc! The magic missile hits you! The magic missile bounces! (2x) The magic missile hits the hill orc! The hill orc misses the elf zombie. The hill orc thrusts his orcish dagger. The hill orc hits! Suddenly, the giant ant disappears out of sight. The giant bat bites! (2x) Your sacrifice is consumed in a burst of flame! You sense a conflict between The Lady and Offler. You feel the power of The Lady increase. The altar glows gray. The hill orc hits! The hill orc swings his scimitar. The hill orc hits! The hill orc zaps a wand of magic missile! The hill orc is killed by the magic missile! The magic missile hits you! You die... Final status: Aloha Zazza the Tourist, killed by a magic missile... You died in The Dungeons of Doom on dungeon level 6 with 36681 points, and 187 pieces of gold, after 5862 moves. You were level 7 with a maximum of 55 hit points when you died.